 Dungeon Crawl Stone Soup version 0.30-a0-170-g85af917532 (webtiles) character file.

Game seed: 8686778112505442545

495 qw the Chopper (level 7, -1/43 HPs)
             Began as a Gargoyle Fighter on Sept 30, 2022.
             Slain by an orc warrior
             ... wielding a +2 vorpal long sword
              (14 damage)
             ... on level 4 of the Dungeon.
             The game lasted 00:01:35 (3785 turns).

qw the Chopper (Gargoyle Fighter)                   Turns: 3785, Time: 00:01:36

Health: -1/43      AC: 22    Str: 21    XL:     7   Next: 15%
Magic:  7/7        EV:  7    Int:  9    God:
Gold:   163        SH:  4    Dex:  9    Spells: 6/6 levels left

rFire   . . .      SeeInvis +    Y - +0 war axe
rCold   . . .      Faith    .    c - +0 buckler
rNeg    + . .      Spirit   .    n - +0 chain mail
rPois   inf        Reflect  .    q - +0 helmet
rElec   +          Harm     .    m - +1 cloak {Will+}
rCorr   .          Rampage  .    h - +0 pair of gloves
Will    +....                    (no boots)
Stlth   ..........               (no amulet)
HPRegen 0.14/turn                j - ring of see invisible
MPRegen 0.10/turn                r - +4 ring of protection

@: no status effects
A: sickness immunity, AC +4, negative energy resistance 1, electricity
resistance, torment resistance 1, petrification resistance
a: no special abilities


You were on level 4 of the Dungeon.
You visited 1 branch of the dungeon, and saw 4 of its levels.

You collected 163 gold pieces.


Innate Abilities, Weirdness & Mutations

You are immune to sickness and miasma.
Your stone body is resilient. (AC +4)
You are immune to poison.
You resist negative energy. (rN+)
You are resistant to electric shocks. (rElec)
You are resistant to unholy torment.
You are immune to petrification.


   Skills:
 - Level 4.0 Fighting
 + Level 6.0 Axes
 - Level 3.2 Armour
 - Level 2.1 Dodging
 - Level 3.2 Shields


You had 6 spell levels left.
You didn't know any spells.
Your spell library was empty.

Inventory:

Hand Weapons
 i - a +2 whip of venom
 Y - a +0 war axe (weapon)
Missiles
 f - a boomerang (quivered)
Armour
 c - a +0 buckler (worn)
 h - a +0 pair of gloves (worn)
 m - a +1 cloak of willpower (worn)
 n - a +0 chain mail (worn)
 q - a +0 helmet (worn)
Jewellery
 j - a ring of see invisible (left hand)
 r - a +4 ring of protection (right hand)
Scrolls
 a - a scroll of identify
 g - a scroll of acquirement {unknown}
Potions
 b - a potion of attraction
 d - 2 potions of might
 e - a potion of heal wounds
 k - 2 potions of lignification
 o - a potion of curing
 p - a potion of degeneration {unknown}

Dungeon Overview and Level Annotations

Branches:
Dungeon (4/15)
 Temple: D:4-7

Altars:
Makhleb


Message History

You barely miss the quokka. The orc hits you but does no damage.
The orc warrior hits you but does no damage.
The quokka bites you but does no damage.
You slash the orc warrior!
The orc warrior is moderately wounded.
You barely miss the quokka. The quokka barely misses you.
The orc hits you from afar with a +0 trident!
You closely miss the orc warrior.
The orc warrior is moderately wounded.
You slash the orc!
You kill the orc!
You barely miss the quokka.
The quokka bites you but does no damage.
The orc barely misses you.
The orc warrior hits you with a +2 vorpal long sword!
The quokka bites you but does no damage.
The orc hits you from afar with a +0 trident.
The orc warrior barely misses you.
You hit the orc warrior but do no damage.
The orc warrior is moderately wounded.
You barely miss the orc. You closely miss the quokka.
The quokka closely misses you. You block the orc's attack.
The orc warrior hits you with a +2 vorpal long sword.
The orc hits you but does no damage.
You slash the orc warrior!
The orc warrior is severely wounded.
You closely miss the orc. You hit the quokka but do no damage.
The quokka bites you but does no damage.
The orc barely misses you. The orc warrior closely misses you.
The orc closely misses you. The quokka bites you.
You hit the orc warrior but do no damage.
The orc warrior is severely wounded.
You slash the orc!
You kill the orc!
You closely miss the quokka.
The quokka bites you but does no damage.
The orc warrior hits you with a +2 vorpal long sword!
You die...

#........## .....o
#.........## ......#
#..........# ....r..
##.........## #.....o
#..........# #......
#..........## .......
#.#.........#
#.....o####..#........#
#......)@....##.......##
.......ro....###.......#
......#######....##....#
.....# ##..#.........##
..... #......####.....
.... #.......# #### ..#
#.......# ## ##......##
#.......##


You could see an orc warrior, an orc and a quokka.

Vanquished Creatures
  2 black bears
  An orc priest (D:2)
  A hound (D:4)
  2 iguanas
  An orc wizard (D:3)
  Robin (D:2)
  4 adders
  A gnoll (D:4)
  4 worms
  7 dart slugs
  10 orcs
  2 ball pythons (D:2)
  4 endoplasms
  8 giant cockroaches
  12 goblins
  8 hobgoblins
  8 jackals
  3 quokkas
  4 bats
  2 frilled lizards
  6 kobolds
  8 rats
99 creatures vanquished.

Notes
Turn   | Place    | Note
-------+----------+-------------------------------------------
     0 | D:1      | qw the Gargoyle Fighter began the quest for the Orb.
     0 | D:1      | Reached XP level 1. HP: 14/14 MP: 1/1
     0 | D:1      | 0 ||| qw: Version: 0.2-a-13-gfc7b4b4
     0 | D:1      | 0 ||| qw: Game counter: 1701
     0 | D:1      | 0 ||| qw: Always use a shield: true
     0 | D:1      | 0 ||| qw: God list: Okawaru
     0 | D:1      | 0 ||| qw: Allow faded altars: false
     0 | D:1      | 0 ||| qw: Do Orc after D:15 true
     0 | D:1      | 0 ||| qw: Do second Lair branch before Depths: true
     0 | D:1      | 0 ||| qw: Lair rune preference: random
     0 | D:1      | 0 ||| qw: Plans: Normal, Zot:1-4, God:TSO, Crypt, Tomb,
                  | Pan, Slime:5, Hells, Abyss, Orb
     0 | D:1      | 0 ||| PLANNING D:1-11
    53 | D:1      | Reached skill level 2 in Axes
    61 | D:1      | Reached XP level 2. HP: 15/19 MP: 2/2
   467 | D:1      | 467 ||| Stepping ~*~*~tactically~*~*~ (hiding).
   479 | D:1      | Reached skill level 3 in Axes
   506 | D:1      | Reached XP level 3. HP: 23/23 MP: 3/3
   704 | D:1      | 704 ||| Stepping ~*~*~tactically~*~*~ (hiding).
   849 | D:1      | 849 ||| DROPPING +0 whip.
  1124 | D:1      | 1124 ||| READING 3 scrolls labelled ZAIGIA VUKO.
  1125 | D:1      | 1125 ||| READING 2 scrolls of identify.
  1125 | D:1      | 1125 ||| IDENTIFYING grey potion
  1189 | D:2      | Noticed Robin
  1190 | D:2      | 1190 ||| Stepping ~*~*~tactically~*~*~ (stealth).
  1191 | D:2      | 1191 ||| Stepping ~*~*~tactically~*~*~ (stealth).
  1227 | D:2      | 1227 ||| Stepping ~*~*~tactically~*~*~ (stealth).
  1275 | D:2      | 1275 ||| FLEEEEING.
  1276 | D:2      | 1276 ||| FLEEEEING.
  1277 | D:2      | 1277 ||| FLEEEEING.
  1427 | D:2      | 1427 ||| Stepping ~*~*~tactically~*~*~ (stealth).
  1437 | D:2      | Reached XP level 4. HP: 17/28 MP: 4/4
  1446 | D:2      | 1446 ||| FLEEEEING.
  1520 | D:2      | 1520 ||| FLEEEEING.
  1521 | D:2      | 1521 ||| FLEEEEING.
  1528 | D:2      | 1528 ||| FLEEEEING.
  1529 | D:2      | 1529 ||| FLEEEEING.
  1530 | D:2      | 1530 ||| FLEEEEING.
  1559 | D:2      | 1559 ||| Stepping ~*~*~tactically~*~*~ (hiding).
  1597 | D:2      | 1597 ||| Stepping ~*~*~tactically~*~*~ (stealth).
  1650 | D:2      | Reached skill level 4 in Axes
  1789 | D:2      | Found a burning altar of Makhleb.
  1809 | D:2      | 1809 ||| Stepping ~*~*~tactically~*~*~ (hiding).
  2036 | D:2      | 2036 ||| Stepping ~*~*~tactically~*~*~ (stealth).
  2098 | D:2      | 2098 ||| Stepping ~*~*~tactically~*~*~ (stealth).
  2165 | D:2      | 2165 ||| Stepping ~*~*~tactically~*~*~ (hiding).
  2175 | D:2      | Reached XP level 5. HP: 31/32 MP: 5/5
  2216 | D:2      | 2216 ||| Stepping ~*~*~tactically~*~*~ (stealth).
  2336 | D:2      | Killed Robin
  2705 | D:2      | 2705 ||| UPGRADING to +0 pair of gloves.
  2710 | D:2      | 2710 ||| UPGRADING to +1 cloak of willpower.
  2715 | D:2      | 2715 ||| UPGRADING to +0 chain mail.
  2725 | D:2      | 2725 ||| DROPPING +0 scale mail.
  2726 | D:2      | 2726 ||| UPGRADING to +0 helmet.
  2731 | D:2      | 2731 ||| UPGRADING to ring of see invisible.
  2732 | D:2      | 2732 ||| UPGRADING to +4 ring of protection.
  2733 | D:2      | 2733 ||| READING 2 scrolls labelled CUOROTR CUAS.
  2734 | D:2      | 2734 ||| READING scroll labelled GAEKYUNG RINYC.
  2735 | D:2      | 2735 ||| READING scroll labelled MALOTHU MINK.
  2736 | D:2      | 2736 ||| READING scroll labelled YKLONI SEXZIA.
  2737 | D:2      | 2737 ||| READING 2 scrolls of identify.
  2737 | D:2      | 2737 ||| IDENTIFYING puce potion
  2738 | D:2      | 2738 ||| DROPPING potion of flight.
  2739 | D:2      | 2739 ||| DROPPING scroll of magic mapping.
  2806 | D:3      | Noticed a black bear
  2811 | D:3      | 2811 ||| Stepping ~*~*~tactically~*~*~ (stealth).
  2815 | D:3      | 2815 ||| Stepping ~*~*~tactically~*~*~ (stealth).
  2818 | D:3      | 2818 ||| Stepping ~*~*~tactically~*~*~ (stealth).
  2821 | D:3      | Killed a black bear
  2822 | D:3      | Reached skill level 5 in Axes
  2822 | D:3      | Reached XP level 6. HP: 12/37 MP: 6/6
  2827 | D:3      | HP: 8/37 [orc/+2 dagger of draining (3)]
  2828 | D:3      | 2828 ||| Stepping ~*~*~tactically~*~*~ (hiding).
  2829 | D:3      | 2829 ||| DRINKING 2 potions of heal wounds.
  2831 | D:3      | 2831 ||| FLEEEEING.
  2981 | D:3      | Found a faded altar of an unknown god.
  3241 | D:3      | 3241 ||| Stepping ~*~*~tactically~*~*~ (hiding).
  3332 | D:3      | 3332 ||| READING scroll labelled XUEKHI SYLOLEH.
  3333 | D:3      | 3333 ||| READING scroll labelled GORUOHEKHLIQ.
  3434 | D:3      | 3434 ||| DRINKING 3 fizzy clear potions.
  3459 | D:3      | 3459 ||| READING 3 scrolls of identify.
  3459 | D:3      | 3459 ||| IDENTIFYING brown potion
  3460 | D:3      | 3460 ||| READING 2 scrolls of identify.
  3460 | D:3      | 3460 ||| IDENTIFYING orange potion
  3461 | D:3      | 3461 ||| DROPPING potion of brilliance.
  3538 | D:4      | 3538 ||| FLEEEEING.
  3539 | D:4      | 3539 ||| FLEEEEING.
  3540 | D:4      | 3540 ||| FLEEEEING.
  3541 | D:4      | 3541 ||| FLEEEEING.
  3542 | D:4      | 3542 ||| FLEEEEING.
  3543 | D:4      | 3543 ||| FLEEEEING.
  3546 | D:4      | 3546 ||| STAIRDANCE
  3588 | D:4      | Reached skill level 6 in Axes
  3600 | D:4      | Noticed a black bear
  3614 | D:4      | Killed a black bear
  3615 | D:4      | Reached XP level 7. HP: 24/43 MP: 7/7
  3774 | D:4      | 3774 ||| Stepping ~*~*~tactically~*~*~ (stealth).
  3785 | D:4      | Slain by an orc warrior

Levels and vault maps discovered:
D:1:      tarquinn_simple_flora_water_e, layout_loops_ring
D:2:      layout_basic, basic_altar, uniq_robin
D:3:      layout_rooms, basic_ecumenical_altar
D:4:      layout_cave_pods, mainiacjoe_overflow_boulevard,
          mainiacjoe_overflow_small_starburst, minmay_ruptured

Skill      XL: |  1  2  3  4  5  6 |
---------------+-------------------+-----
Axes           | 2 3 4 5 6 |  6.0
Fighting       | 4 |  4.0
Dodging        | 2 |  2.1
Armour         | |  3.2
Shields        | |  3.2

Action                   |  1- 3 |  4- 6 |  7- 9 || total
-------------------------+-------+-------+-------++-------
Melee: War axe           |   151 |   156 |    16 ||   323
Throw: Boomerang         |       |    21 |     4 ||    25
  Use: Scroll            |     2 |     9 |       ||    11
       Potion            |       |     2 |       ||     2
Armor: Scale mail        |    83 |    32 |       ||   115
       Chain mail        |       |    93 |    17 ||   110
Dodge: Dodged            |    65 |    61 |    10 ||   136
Block: Buckler           |    35 |    18 |     3 ||    56

Table legend:
 A = Non-vault XP
 B = Vault XP
 C = Vault XP percentage of total XP
 D = Non-vault monster count
 E = Vault monster count
 F = Vault count percentage of total count
                 A         B        C        D         E       F
            +---------+---------+-------+---------+---------+-------
      Total |     632 |      79 |  11.1 |      82 |      17 |  17.2
            +---------+---------+-------+---------+---------+-------
        D:1 |      55 |       0 |   0.0 |      29 |       0 |   0.0
        D:2 |      99 |      37 |  27.2 |      25 |      13 |  34.2
        D:3 |     259 |       0 |   0.0 |      20 |       0 |   0.0
        D:4 |     219 |      42 |  16.1 |       8 |       4 |  33.3
            +---------+---------+-------+---------+---------+-------
